TOP OF THE 1ST |
Indianapolis HS Chaos batting - Pitching for Brookline HS Warriors : RHP Emílio Cruz
|
Pitching: RHP Emílio Cruz
|
|
Batting: LHB Gonzalo Luna
|
0-0: Ball 1-0: Foul Ball, location: 2F 1-1: Ball 2-1: Ball 3-1: Ground out 2-3 (Groundball, 2L)
|
Batting: RHB Eric Pierce
|
0-0: Foul Ball, location: 2F 0-1: Ball 1-1: Called Strike 1-2: SOLO HOME RUN (Flyball, 7LD), Distance : 358 ft
|
Batting: RHB Bryan Reed
|
0-0: Ball 1-0: Foul Ball, location: 2F 1-1: Called Strike 1-2: Ball 2-2: Foul Ball, location: 2F 2-2: Ball 3-2: Foul Ball, location: 2F 3-2: Base on Balls
|
Batting: RHB Andy Norris
|
0-0: Grounds into double play, 6-4-3 (Groundball, 56)
|
Top of the 1st over - 1 run, 1 hit, 0 errors, 0 left on base; Indianapolis HS 1 - Brookline HS 0 |
BOTTOM OF THE 1ST |
Brookline HS Warriors batting - Pitching for Indianapolis HS Chaos : RHP Ben Johnston
|
Pitching: RHP Ben Johnston
|
|
Batting: RHB Gilbert Bentley
|
0-0: Ground out 6-3 (Groundball, 56D)
|
Batting: LHB Earnest Butler
|
0-0: Called Strike 0-1: Foul Ball, location: 2F 0-2: Ball 1-2: Foul Ball, location: 2F 1-2: Ball 2-2: Fly out, F8 (Flyball, 8RD)
|
Batting: RHB Raúl Rivera
|
0-0: Called Strike 0-1: SOLO HOME RUN (Line Drive, 7LD), Distance : 354 ft
|
Batting: RHB León Colón
|
0-0: Called Strike 0-1: Called Strike 0-2: Strikes out swinging
|
Bottom of the 1st over - 1 run, 1 hit, 0 errors, 0 left on base; Indianapolis HS 1 - Brookline HS 1 |
TOP OF THE 2ND |
Indianapolis HS Chaos batting - Pitching for Brookline HS Warriors : RHP Emílio Cruz
|
Batting: LHB William Morgan
|
0-0: Ball 1-0: Called Strike 1-1: Ball 2-1: Ball 3-1: Foul Ball, location: 2F 3-2: Strikes out looking
|
Batting: RHB Brian Carriaga
|
0-0: Swinging Strike 0-1: Swinging Strike 0-2: Ball 1-2: SINGLE (Line Drive, 3L)
|
Batting: LHB José Alonzo
|
0-0: Called Strike 0-1: Foul Ball, location: 2F 0-2: Ball 1-2: Foul Ball, location: 2F 1-2: Foul Ball, location: 2F 1-2: Foul Ball, location: 2F 1-2: Ball 2-2: Ball 3-2: Ground out 4-3 (Groundball, 4D) Brian Carriaga to second
|
Batting: RHB Jonathan Thompson
|
0-0: Swinging Strike 0-1: Swinging Strike 0-2: Strikes out swinging
|
Top of the 2nd over - 0 runs, 1 hit, 0 errors, 1 left on base; Indianapolis HS 1 - Brookline HS 1 |
BOTTOM OF THE 2ND |
Brookline HS Warriors batting - Pitching for Indianapolis HS Chaos : RHP Ben Johnston
|
Batting: RHB Michael Mossman
|
0-0: Foul Ball, location: 2F 0-1: Foul Ball, location: 2F 0-2: Ball 1-2: Ball 2-2: Ball 3-2: Base on Balls
|
Batting: RHB Theron Lyon
|
0-0: Swinging Strike 0-1: Ball 1-1: Ball 2-1: Ball 3-1: Base on Balls Michael Mossman to second
|
Batting: LHB Rich Heath
|
0-0: Ball 1-0: Called Strike 1-1: Ball 2-1: Ball 3-1: Base on Balls Michael Mossman to third Theron Lyon to second
|
Batting: RHB Spike Lamb
|
0-0: Called Strike 0-1: Foul Ball, location: 2F 0-2: Ball 1-2: Ball 2-2: Ball 3-2: Grounds into double play, 4-6-3 (Groundball, 4) Michael Mossman scores Theron Lyon to third
|
Batting: RHB Cole Gray
|
0-0: Ball 1-0: Ball 2-0: Foul Ball, location: 2F 2-1: Called Strike 2-2: Ball 3-2: Foul Ball, location: 2F 3-2: Base on Balls
|
Batting: RHB Gilbert Bentley
|
0-0: Called Strike 0-1: Ground out 3-1 (Groundball, 34S)
|
Bottom of the 2nd over - 1 run, 0 hits, 0 errors, 2 left on base; Indianapolis HS 1 - Brookline HS 2 |
TOP OF THE 3RD |
Indianapolis HS Chaos batting - Pitching for Brookline HS Warriors : RHP Emílio Cruz
|
Batting: RHB António Solís
|
0-0: Called Strike 0-1: Foul Ball, location: 2F 0-2: Ball 1-2: Ball 2-2: Strikes out swinging
|
Batting: LHB Gonzalo Luna
|
0-0: Foul Ball, location: 2F 0-1: Ball 1-1: DOUBLE (Groundball, 3L)
|
Batting: RHB Eric Pierce
|
0-0: Called Strike 0-1: Ball 1-1: Ball 2-1: Ball 3-1: Called Strike 3-2: SINGLE (Groundball, 6MD) Gonzalo Luna to third Runner from 3rd tries for Home, SAFE, no throw
|
Batting: RHB Bryan Reed
|
0-0: Called Strike Eric Pierce is caught stealing 2nd base 0-1: Swinging Strike 0-2: Fly out, F9 (Flyball, 9LMF)
|
Top of the 3rd over - 1 run, 2 hits, 0 errors, 0 left on base; Indianapolis HS 2 - Brookline HS 2 |
BOTTOM OF THE 3RD |
Brookline HS Warriors batting - Pitching for Indianapolis HS Chaos : RHP Ben Johnston
|
Batting: LHB Earnest Butler
|
0-0: Ball 1-0: Called Strike 1-1: Called Strike 1-2: Fly out, F8 (Flyball, 8LD)
|
Batting: RHB Raúl Rivera
|
0-0: Ball 1-0: Ball 2-0: Ball 3-0: Called Strike 3-1: Foul Ball, location: 2F 3-2: Foul Ball, location: 2F 3-2: DOUBLE (Flyball, 8LD)
|
Batting: RHB León Colón
|
0-0: Ball 1-0: Ball 2-0: Swinging Strike 2-1: Called Strike 2-2: Ball 3-2: Base on Balls
|
Batting: RHB Michael Mossman
|
0-0: Called Strike 0-1: Ground out 4-3 (Groundball, 4S) Raúl Rivera to third León Colón to second
|
Batting: RHB Theron Lyon
|
0-0: Foul Ball, location: 2F 0-1: Foul Ball, location: 2F 0-2: Ball 1-2: Ground out 1-3 (Groundball, 13)
|
Bottom of the 3rd over - 0 runs, 1 hit, 0 errors, 2 left on base; Indianapolis HS 2 - Brookline HS 2 |
TOP OF THE 4TH |
Indianapolis HS Chaos batting - Pitching for Brookline HS Warriors : RHP Emílio Cruz
|
Batting: RHB Andy Norris
|
0-0: Foul Ball, location: 2F 0-1: Ground out 1-3 (Groundball, P)
|
Batting: LHB William Morgan
|
0-0: Called Strike 0-1: Ball 1-1: SINGLE (Flyball, 78S)
|
Batting: RHB Brian Carriaga
|
0-0: Ball 1-0: Called Strike 1-1: Fielders Choice at 2nd, 1-6 (Groundball, 13)
|
Batting: LHB José Alonzo
|
0-0: Ball 1-0: Foul Ball, location: 2F 1-1: Ball 2-1: Swinging Strike 2-2: Strikes out swinging
|
Top of the 4th over - 0 runs, 1 hit, 0 errors, 1 left on base; Indianapolis HS 2 - Brookline HS 2 |
BOTTOM OF THE 4TH |
Brookline HS Warriors batting - Pitching for Indianapolis HS Chaos : RHP Ben Johnston
|
Now at 3B: Ed Gillespie
|
|
Batting: LHB Rich Heath
|
0-0: Ball 1-0: Foul Ball, location: 2F 1-1: Ball 2-1: SINGLE (Groundball, 34D)
|
Batting: RHB Spike Lamb
|
0-0: Swinging Strike Throwing error on steal attempt, E2 Rich Heath to third 0-1: Foul Ball, location: 2F 0-2: SINGLE (Groundball, 6MD) Rich Heath scores
|
Batting: RHB Cole Gray
|
0-0: Swinging Strike 0-1: Ball 1-1: Ball 2-1: SINGLE (Groundball, 5D) Spike Lamb to second
|
Batting: RHB Gilbert Bentley
|
0-0: Ball 1-0: Called Strike 1-1: Foul Ball, location: 2F 1-2: Strikes out swinging
|
Pitching: RHP Norm Bradshaw
|
|
Batting: LHB Earnest Butler
|
0-0: Called Strike 0-1: Ball 1-1: Foul Ball, location: 2F 1-2: Ball 2-2: Strikes out swinging
|
Batting: RHB Raúl Rivera
|
0-0: Foul Ball, location: 2F 0-1: Foul Ball, location: 2F 0-2: Ball 1-2: Ball 2-2: Foul Ball, location: 2F 2-2: Ball 3-2: Fly out, F9 (Flyball, 89S)
|
Bottom of the 4th over - 1 run, 3 hits, 1 error, 2 left on base; Indianapolis HS 2 - Brookline HS 3 |
TOP OF THE 5TH |
Indianapolis HS Chaos batting - Pitching for Brookline HS Warriors : RHP Emílio Cruz
|
Batting: RHB Jonathan Thompson
|
0-0: Called Strike 0-1: Ball 1-1: Called Strike 1-2: Ball 2-2: Ball 3-2: Foul Ball, location: 2F 3-2: Base on Balls
|
Batting: RHB António Solís
|
0-0: Called Strike 0-1: Ball 1-1: Ball 2-1: Swinging Strike 2-2: Ball 3-2: Strikes out looking Jonathan Thompson is caught stealing 2nd base Batter strikes out.
|
Batting: LHB Gonzalo Luna
|
0-0: Fly out, F7 (Flyball, 7LS)
|
Top of the 5th over - 0 runs, 0 hits, 0 errors, 0 left on base; Indianapolis HS 2 - Brookline HS 3 |
BOTTOM OF THE 5TH |
Brookline HS Warriors batting - Pitching for Indianapolis HS Chaos : RHP Norm Bradshaw
|
Batting: RHB León Colón
|
0-0: Ball 1-0: Called Strike 1-1: Ball 2-1: Foul Ball, location: 2F 2-2: Fly out, F7 (Flyball, 78D)
|
Batting: RHB Michael Mossman
|
0-0: Ball 1-0: Ball 2-0: Ball 3-0: Base on Balls
|
Batting: RHB Theron Lyon
|
0-0: Ball 1-0: Called Strike 1-1: Ball 2-1: Ground out U3 (Groundball, 34S) Michael Mossman to second
|
Batting: LHB Rich Heath
|
0-0: Ball 1-0: Ball 2-0: Ball 3-0: Swinging Strike 3-1: Called Strike 3-2: Foul Ball, location: 2F 3-2: Foul Ball, location: 2F 3-2: Foul Ball, location: 2F 3-2: Strikes out swinging, 2-3 out at first.
|
Bottom of the 5th over - 0 runs, 0 hits, 0 errors, 1 left on base; Indianapolis HS 2 - Brookline HS 3 |
TOP OF THE 6TH |
Indianapolis HS Chaos batting - Pitching for Brookline HS Warriors : RHP Emílio Cruz
|
Pitching: RHP Don Hayes
|
|
Batting: RHB Eric Pierce
|
0-0: Called Strike 0-1: Swinging Strike 0-2: Strikes out looking
|
Batting: RHB Bryan Reed
|
0-0: Ball 1-0: Ball 2-0: Called Strike 2-1: Foul Ball, location: 2F 2-2: Foul Ball, location: 2F 2-2: Ground out 6-3 (Groundball, 6)
|
Batting: RHB Andy Norris
|
0-0: Called Strike 0-1: Ball 1-1: Swinging Strike 1-2: Ball 2-2: Foul Ball, location: 2F 2-2: Foul Ball, location: 2F 2-2: Ball 3-2: SINGLE (Line Drive, 8LS)
|
Batting: RHB Ed Gillespie
|
0-0: Ball 1-0: Foul Ball, location: 2F 1-1: Foul Ball, location: 2F 1-2: SINGLE (Line Drive, 8RS) Andy Norris to second
|
Batting: RHB Brian Carriaga
|
0-0: Ball 1-0: Ball 2-0: Ball 3-0: Base on Balls Andy Norris to third Ed Gillespie to second
|
Batting: LHB José Alonzo
|
0-0: Foul Ball, location: 2F 0-1: Foul Ball, location: 2F 0-2: SINGLE (Line Drive, 8LS) Andy Norris scores Ed Gillespie to third Brian Carriaga to second
|
Batting: RHB Jonathan Thompson
|
0-0: Ball 1-0: Fielders Choice at 2nd, 5-4 (Groundball, 5L)
|
Top of the 6th over - 1 run, 3 hits, 0 errors, 3 left on base; Indianapolis HS 3 - Brookline HS 3 |
BOTTOM OF THE 6TH |
Brookline HS Warriors batting - Pitching for Indianapolis HS Chaos : RHP Norm Bradshaw
|
Batting: RHB Spike Lamb
|
0-0: Ground out 6-3 (Groundball, 6)
|
Batting: RHB Cole Gray
|
0-0: Called Strike 0-1: Ball 1-1: Called Strike 1-2: Ground out 6-3 (Groundball, 6)
|
Batting: RHB Gilbert Bentley
|
0-0: Called Strike 0-1: Ball 1-1: Ball 2-1: Called Strike 2-2: Ball 3-2: Foul Ball, location: 2F 3-2: Base on Balls
|
Pitching: RHP Alberto Vega
|
|
Batting: LHB Earnest Butler
|
0-0: Called Strike 0-1: Foul Ball, location: 2F 0-2: Strikes out looking
|
Bottom of the 6th over - 0 runs, 0 hits, 0 errors, 1 left on base; Indianapolis HS 3 - Brookline HS 3 |
TOP OF THE 7TH |
Indianapolis HS Chaos batting - Pitching for Brookline HS Warriors : RHP Don Hayes
|
Batting: RHB António Solís
|
0-0: SOLO HOME RUN (Flyball, 7LD), Distance : 373 ft
|
Pitching: LHP Stan Dwyer
|
|
Batting: LHB Gonzalo Luna
|
0-0: SINGLE (Groundball, 6M) (infield hit)
|
Batting: RHB Eric Pierce
|
0-0: Sac Bunt - play at first, batter OUT! 1-4 Gonzalo Luna to second
|
Batting: RHB Bryan Reed
|
0-0: Intentional Walk
|
Batting: RHB Andy Norris
|
0-0: Called Strike 0-1: Called Strike 0-2: Ball 1-2: Strikes out swinging
|
Batting: RHB Ed Gillespie
|
0-0: Foul Ball, location: 2F 0-1: Ball 1-1: Called Strike 1-2: Foul Ball, location: 2F 1-2: Ball 2-2: Ball 3-2: Base on Balls Gonzalo Luna to third Bryan Reed to second
|
Batting: RHB Brian Carriaga
|
0-0: Ball 1-0: Ball 2-0: Foul Ball, location: 2F 2-1: DOUBLE (Line Drive, 9D) Gonzalo Luna scores Bryan Reed scores Ed Gillespie to third
|
Batting: LHB José Alonzo
|
0-0: Intentional Walk
|
Pitching: RHP Max Brewer
|
|
Batting: RHB Jonathan Thompson
|
0-0: Ball 1-0: Called Strike 1-1: Foul Ball, location: 2F 1-2: Foul Ball, location: 2F 1-2: Ball 2-2: Ball 3-2: Base on Balls Ed Gillespie scores Brian Carriaga to third José Alonzo to second
|
Batting: RHB António Solís
|
0-0: Fly out, F9 (Flyball, 9S)
|
Top of the 7th over - 4 runs, 3 hits, 0 errors, 3 left on base; Indianapolis HS 7 - Brookline HS 3 |
BOTTOM OF THE 7TH |
Brookline HS Warriors batting - Pitching for Indianapolis HS Chaos : RHP Alberto Vega
|
Batting: RHB Raúl Rivera
|
0-0: Called Strike 0-1: Foul Ball, location: 2F 0-2: Ball 1-2: Foul Ball, location: 2F 1-2: Strikes out looking
|
Batting: RHB León Colón
|
0-0: Hit by Pitch
|
Batting: RHB Michael Mossman
|
0-0: Ball 1-0: Grounds into double play, 4-6-3 (Groundball, 4)
|
Bottom of the 7th over - 0 runs, 0 hits, 0 errors, 0 left on base; Indianapolis HS 7 - Brookline HS 3 |
TOP OF THE 8TH |
Indianapolis HS Chaos batting - Pitching for Brookline HS Warriors : RHP Max Brewer
|
Batting: LHB Gonzalo Luna
|
0-0: SINGLE (Flyball, 56D)
|
Batting: RHB Eric Pierce
|
0-0: Ball 1-0: Foul Ball, location: 2F 1-1: Called Strike 1-2: Ball 2-2: Ball 3-2: Ground out 5-3 (Groundball, 56S) Gonzalo Luna to second
|
Batting: RHB Bryan Reed
|
0-0: Intentional Walk
|
Batting: RHB Andy Norris
|
0-0: Foul Ball, location: 2F 0-1: SINGLE (Flyball, 7S) Gonzalo Luna to third Bryan Reed to second
|
Batting: RHB Ed Gillespie
|
0-0: Ball 1-0: Ball 2-0: Ball 3-0: Base on Balls Gonzalo Luna scores Bryan Reed to third Andy Norris to second
|
Batting: RHB Brian Carriaga
|
0-0: Foul Ball, location: 2F 0-1: Foul Ball, location: 2F 0-2: Foul Ball, location: 2F 0-2: Ball 1-2: Foul Ball, location: 2F 1-2: Ball 2-2: SINGLE (Groundball, 56D) Bryan Reed scores Andy Norris to third Ed Gillespie to second Runner from 3rd tries for Home, SAFE, throw made at trailing runner, OUT at third!
|
Batting: LHB José Alonzo
|
0-0: Called Strike 0-1: Ball 1-1: Called Strike 1-2: Strikes out swinging
|
Top of the 8th over - 3 runs, 3 hits, 0 errors, 1 left on base; Indianapolis HS 10 - Brookline HS 3 |
BOTTOM OF THE 8TH |
Brookline HS Warriors batting - Pitching for Indianapolis HS Chaos : RHP Alberto Vega
|
Batting: RHB Theron Lyon
|
0-0: Fly out, F7 (Flyball, 7)
|
Batting: LHB Rich Heath
|
0-0: Ball 1-0: Ball 2-0: Ball 3-0: Called Strike 3-1: Base on Balls
|
Batting: RHB Spike Lamb
|
0-0: Ball 1-0: 2-RUN HOME RUN (Flyball, 9LD), Distance : 376 ft
|
Batting: RHB Cole Gray
|
0-0: Called Strike 0-1: Ball 1-1: Ground out 5-3 (Groundball, 56S)
|
Batting: RHB Gilbert Bentley
|
0-0: Ball 1-0: Foul Ball, location: 2F 1-1: Ground out 5-3 (Groundball, 56)
|
Bottom of the 8th over - 2 runs, 1 hit, 0 errors, 0 left on base; Indianapolis HS 10 - Brookline HS 5 |
TOP OF THE 9TH |
Indianapolis HS Chaos batting - Pitching for Brookline HS Warriors : RHP Max Brewer
|
Batting: RHB Jonathan Thompson
|
0-0: Foul Ball, location: 2F 0-1: Foul Ball, location: 2F 0-2: Strikes out swinging
|
Batting: RHB António Solís
|
0-0: Ball 1-0: Ground out 4-3 (Groundball, 4M)
|
Batting: LHB Gonzalo Luna
|
0-0: Ball 1-0: Called Strike 1-1: Ball 2-1: Swinging Strike 2-2: Fly out, F5 (Popup, 56)
|
Top of the 9th over - 0 runs, 0 hits, 0 errors, 0 left on base; Indianapolis HS 10 - Brookline HS 5 |
BOTTOM OF THE 9TH |
Brookline HS Warriors batting - Pitching for Indianapolis HS Chaos : RHP Alberto Vega
|
Batting: LHB Earnest Butler
|
0-0: Called Strike 0-1: Swinging Strike 0-2: Strikes out swinging
|
Batting: RHB Raúl Rivera
|
0-0: Ball 1-0: Fly out, F6 (Flyball, 6MD)
|
Batting: RHB León Colón
|
0-0: Ball 1-0: Called Strike 1-1: Called Strike 1-2: Strikes out looking
|
Bottom of the 9th over - 0 runs, 0 hits, 0 errors, 0 left on base; Indianapolis HS 10 - Brookline HS 5 |
|